TOP OF THE 1ST |
---|
Salem Sledgehammers batting - Pitching for Surrey Sinners : LHP Cedric Duncan | Pitching: LHP Cedric Duncan | | Batting: RHB Randall Luna | 0-0: Ball 1-0: Ball 2-0: Reached on error, E6 (Groundball, 6) | Batting: LHB José Guillén | 0-0: Ball 1-0: Fly out, F9 (Flyball, 9) | Batting: RHB John Burton | 0-0: Called Strike 0-1: Ball 1-1: Ball 2-1: Ball 3-1: Called Strike 3-2: Strikes out looking | Batting: RHB Juan Morales | 0-0: Ball 1-0: Ball 2-0: Called Strike 2-1: Ball 3-1: Base on Balls | Batting: RHB Rich Crabtree | 0-0: Ball 1-0: Ball 2-0: Ball 3-0: Called Strike 3-1: Foul Ball, location: 2F 3-2: Base on Balls Randall Luna to third Juan Morales to second | Batting: RHB Rickey Núñez | 0-0: Called Strike 0-1: Ball 1-1: SINGLE (Line Drive, 7S) Randall Luna scores Juan Morales to third Rich Crabtree to second Runner from 3rd tries for Home, SAFE, no throw | Batting: LHB Gabriel Estrada | 0-0: Fly out, F8 (Flyball, 8LM) | Top of the 1st over - 2 runs, 1 hit, 1 error, 2 left on base; Salem 2 - Surrey 0 | BOTTOM OF THE 1ST |
---|
Surrey Sinners batting - Pitching for Salem Sledgehammers : RHP Claude Cunningham | Pitching: RHP Claude Cunningham | | Batting: SHB Norberto Muñóz | 0-0: Ball 1-0: Called Strike 1-1: Called Strike 1-2: Strikes out looking | Batting: RHB Robert Sipple | 0-0: Ball 1-0: Foul Ball, location: 2F 1-1: Ball 2-1: Called Strike 2-2: Ball 3-2: Foul Ball, location: 2F 3-2: SINGLE (Groundball, 6MD) | Batting: LHB Carlos Hernández | 0-0: Called Strike Robert Sipple steals 2nd base 0-1: Swinging Strike 0-2: Fly out, F7 (Flyball, 78S) | Batting: LHB Robert Mann | 0-0: Ball 1-0: Ball 2-0: Ball 3-0: Base on Balls | Batting: RHB Francisco Martínez | 0-0: Called Strike 0-1: Ball 1-1: Swinging Strike 1-2: Foul Ball, location: 2F 1-2: Strikes out swinging | Bottom of the 1st over - 0 runs, 1 hit, 0 errors, 2 left on base; Salem 2 - Surrey 0 | TOP OF THE 2ND |
---|
Salem Sledgehammers batting - Pitching for Surrey Sinners : LHP Cedric Duncan | Batting: SHB Manuel Jiménez | 0-0: Ball 1-0: Called Strike 1-1: Called Strike 1-2: DOUBLE (Line Drive, 3D) | Batting: LHB Juan Ortíz | 0-0: Foul Ball, location: 2F 0-1: Foul Ball, location: 2F 0-2: Strikes out swinging | Batting: RHB Randall Luna | 0-0: Called Strike 0-1: Foul Ball, location: 2F 0-2: Foul Ball, location: 2F 0-2: Foul Ball, location: 2F 0-2: Strikes out swinging | Batting: LHB José Guillén | 0-0: Called Strike 0-1: Ball 1-1: Foul Ball, location: 2F 1-2: Strikes out swinging | Top of the 2nd over - 0 runs, 1 hit, 0 errors, 1 left on base; Salem 2 - Surrey 0 | BOTTOM OF THE 2ND |
---|
Surrey Sinners batting - Pitching for Salem Sledgehammers : RHP Claude Cunningham | Batting: LHB Joe Spears | 0-0: Ball 1-0: Ball 2-0: Ball 3-0: Base on Balls | Batting: LHB Ramiro Venegas | 0-0: Swinging Strike Pickoff Throw to First - Out! 0-1: Swinging Strike 0-2: Strikes out swinging | Batting: RHB Don Jackson | 0-0: Ball 1-0: Ball 2-0: Called Strike 2-1: DOUBLE (Line Drive, 7LD) | Batting: RHB Tim van der Kamp | 0-0: Ball 1-0: Ball 2-0: Ball 3-0: Base on Balls | Batting: SHB Norberto Muñóz | 0-0: Ball 1-0: Foul Ball, location: 2F 1-1: Foul Ball, location: 2F 1-2: Ball 2-2: Foul Ball, location: 2F 2-2: Ball Passed Ball! Don Jackson to third Tim van der Kamp to second 3-2: Foul Ball, location: 2F 3-2: Foul Ball, location: 2F 3-2: Foul Ball, location: 2F 3-2: 3-RUN HOME RUN (Flyball, 9LD), Distance : 356 ft | Batting: RHB Robert Sipple | 0-0: Called Strike 0-1: Called Strike 0-2: Ball 1-2: Ball 2-2: Foul Ball, location: 2F 2-2: Fly out, F7 (Flyball, 7) | Bottom of the 2nd over - 3 runs, 2 hits, 0 errors, 0 left on base; Salem 2 - Surrey 3 | TOP OF THE 3RD |
---|
Salem Sledgehammers batting - Pitching for Surrey Sinners : LHP Cedric Duncan | Batting: RHB John Burton | 0-0: Ball 1-0: Ball 2-0: SINGLE (Groundball, 34S) (infield hit) | Batting: RHB Juan Morales | 0-0: Ball 1-0: Grounds into double play, 4-6-3 (Groundball, 4M) | Batting: RHB Rich Crabtree | 0-0: Ball 1-0: Ball 2-0: Ball 3-0: Foul Ball, location: 2F 3-1: Base on Balls | Batting: RHB Rickey Núñez | 0-0: Ball 1-0: Called Strike 1-1: Ground out 4-3 (Groundball, 4) | Top of the 3rd over - 0 runs, 1 hit, 0 errors, 1 left on base; Salem 2 - Surrey 3 | BOTTOM OF THE 3RD |
---|
Surrey Sinners batting - Pitching for Salem Sledgehammers : RHP Claude Cunningham | Batting: LHB Carlos Hernández | 0-0: Ball 1-0: Ball Error on foul ball, E9 2-1: Ball 3-1: Base on Balls | Batting: LHB Robert Mann | 0-0: Ball 1-0: Ball 2-0: Ball 3-0: Base on Balls Carlos Hernández to second | Batting: RHB Francisco Martínez | 0-0: DOUBLE (Flyball, 78D) Carlos Hernández scores Robert Mann to third | Batting: LHB Joe Spears | 0-0: Called Strike 0-1: Swinging Strike 0-2: Ball 1-2: Strikes out swinging | Batting: LHB Ramiro Venegas | 0-0: Ground out 5-3 (Groundball, 56) Robert Mann scores | Batting: RHB Don Jackson | 0-0: Called Strike 0-1: Called Strike 0-2: Ball 1-2: Ball 2-2: Ball 3-2: Foul Ball, location: 2F 3-2: Foul Ball, location: 2F 3-2: Foul Ball, location: 2F 3-2: Base on Balls | Batting: RHB Tim van der Kamp | 0-0: Foul Ball, location: 2F 0-1: Ball 1-1: Ground out 6-3 (Groundball, 6MD) | Bottom of the 3rd over - 2 runs, 1 hit, 1 error, 2 left on base; Salem 2 - Surrey 5 | TOP OF THE 4TH |
---|
Salem Sledgehammers batting - Pitching for Surrey Sinners : LHP Cedric Duncan | Batting: LHB Gabriel Estrada | 0-0: Swinging Strike 0-1: Called Strike 0-2: SINGLE (Groundball, 4MD) | Batting: SHB Manuel Jiménez | 0-0: Ball 1-0: Fly out, F3 (Popup, 3SF) | Batting: LHB Juan Ortíz | 0-0: Called Strike 0-1: Called Strike 0-2: Foul Ball, location: 2F 0-2: Strikes out swinging | Batting: RHB Randall Luna | 0-0: Ball Gabriel Estrada is caught stealing 2nd base | Top of the 4th over - 0 runs, 1 hit, 0 errors, 0 left on base; Salem 2 - Surrey 5 | BOTTOM OF THE 4TH |
---|
Surrey Sinners batting - Pitching for Salem Sledgehammers : RHP Claude Cunningham | Batting: SHB Norberto Muñóz | 0-0: Called Strike 0-1: Fly out, F8 (Flyball, 8RD) | Batting: RHB Robert Sipple | 0-0: Ball 1-0: Foul Ball, location: 2F 1-1: Ball 2-1: Ball 3-1: Base on Balls | Batting: LHB Carlos Hernández | 0-0: Ball Robert Sipple steals 2nd base 1-0: Foul Ball, location: 2F 1-1: Fly out, F4 (Line Drive, 4) | Batting: LHB Robert Mann | 0-0: Ball 1-0: Ball 2-0: Called Strike 2-1: SINGLE (Groundball, 4MD) Robert Sipple to third Runner from 3rd tries for Home, SAFE, no throw | Batting: RHB Francisco Martínez | 0-0: Ball 1-0: Swinging Strike 1-1: Called Strike 1-2: Foul Ball, location: 2F 1-2: Strikes out swinging | Bottom of the 4th over - 1 run, 1 hit, 0 errors, 1 left on base; Salem 2 - Surrey 6 | TOP OF THE 5TH |
---|
Salem Sledgehammers batting - Pitching for Surrey Sinners : LHP Cedric Duncan | Batting: RHB Randall Luna | 0-0: Ball 1-0: Fly out, F8 (Flyball, 8LM) | Batting: LHB José Guillén | 0-0: Ball 1-0: Swinging Strike 1-1: Foul Ball, location: 2F 1-2: Foul Ball, location: 2F 1-2: Ball 2-2: Strikes out swinging, 2-3 out at first. | Batting: RHB John Burton | 0-0: Foul Ball, location: 2F 0-1: Ground out 1-3 (Groundball, 15S) | Top of the 5th over - 0 runs, 0 hits, 0 errors, 0 left on base; Salem 2 - Surrey 6 | BOTTOM OF THE 5TH |
---|
Surrey Sinners batting - Pitching for Salem Sledgehammers : RHP Claude Cunningham | Pitching: RHP Luis Rosado | | Batting: LHB Joe Spears | 0-0: Ball 1-0: Foul Ball, location: 2F 1-1: Ground out 1-3 (Groundball, 15) | Batting: LHB Ramiro Venegas | 0-0: Called Strike 0-1: Swinging Strike 0-2: Ground out 6-3 (Groundball, 56) | Batting: RHB Don Jackson | 0-0: Ball 1-0: Ground out U3 (Groundball, 3L) | Bottom of the 5th over - 0 runs, 0 hits, 0 errors, 0 left on base; Salem 2 - Surrey 6 | TOP OF THE 6TH |
---|
Salem Sledgehammers batting - Pitching for Surrey Sinners : LHP Cedric Duncan | Batting: RHB Juan Morales | 0-0: Ball 1-0: Ground out 6-3 (Groundball, 6) | Batting: RHB Rich Crabtree | 0-0: Swinging Strike 0-1: Ball 1-1: Ball 2-1: Foul Ball, location: 2F 2-2: Ball 3-2: Strikes out looking | Batting: RHB Rickey Núñez | 0-0: Ball 1-0: Ball 2-0: Fly out, F7 (Line Drive, 7D) | Top of the 6th over - 0 runs, 0 hits, 0 errors, 0 left on base; Salem 2 - Surrey 6 | BOTTOM OF THE 6TH |
---|
Surrey Sinners batting - Pitching for Salem Sledgehammers : RHP Luis Rosado | Batting: RHB Tim van der Kamp | 0-0: Called Strike 0-1: Ball 1-1: Foul Ball, location: 2F 1-2: Ball 2-2: Foul Ball, location: 2F 2-2: Ball 3-2: Foul Ball, location: 2F 3-2: Base on Balls | Batting: SHB Norberto Muñóz | 0-0: Ball 1-0: Ball 2-0: Ball 3-0: Base on Balls Tim van der Kamp to second | Batting: RHB Robert Sipple | 0-0: Ball 1-0: Reached on error, E1 (Groundball, 15S) Tim van der Kamp to third Norberto Muñóz to second | Batting: LHB Carlos Hernández | 0-0: Fly out, F5 (Line Drive, 56) | Batting: LHB Robert Mann | 0-0: Called Strike 0-1: Swinging Strike 0-2: Foul Ball, location: 2F 0-2: Ball 1-2: Grounds into fielders choice 6-2 (Groundball, 6) Norberto Muñóz to third Robert Sipple to second | Batting: RHB Francisco Martínez | 0-0: Ball 1-0: Called Strike 1-1: Called Strike 1-2: Foul Ball, location: 2F 1-2: Foul Ball, location: 2F 1-2: Fly out, F2 (Popup, 23F) | Bottom of the 6th over - 0 runs, 0 hits, 1 error, 3 left on base; Salem 2 - Surrey 6 | TOP OF THE 7TH |
---|
Salem Sledgehammers batting - Pitching for Surrey Sinners : LHP Cedric Duncan | Batting: LHB Gabriel Estrada | 0-0: Called Strike 0-1: Foul Ball, location: 2F 0-2: Strikes out swinging | Batting: SHB Manuel Jiménez | 0-0: Ball 1-0: Fly out, F9 (Flyball, 9S) | Batting: LHB Juan Ortíz | 0-0: Ball 1-0: Swinging Strike 1-1: Swinging Strike 1-2: Ground out 5-3 (Groundball, 56) | Top of the 7th over - 0 runs, 0 hits, 0 errors, 0 left on base; Salem 2 - Surrey 6 | BOTTOM OF THE 7TH |
---|
Surrey Sinners batting - Pitching for Salem Sledgehammers : RHP Luis Rosado | Batting: LHB Joe Spears | 0-0: Ball 1-0: Called Strike 1-1: Called Strike 1-2: Ground out 6-3 (Groundball, 6M) | Batting: LHB Ramiro Venegas | 0-0: Foul Ball, location: 2F 0-1: Ball 1-1: Foul Ball, location: 2F 1-2: Strikes out swinging | Batting: RHB Don Jackson | 0-0: Foul Ball, location: 2F 0-1: Ball 1-1: Called Strike 1-2: Ball 2-2: Fly out, F3 (Popup, 3) | Bottom of the 7th over - 0 runs, 0 hits, 0 errors, 0 left on base; Salem 2 - Surrey 6 | TOP OF THE 8TH |
---|
Salem Sledgehammers batting - Pitching for Surrey Sinners : LHP Cedric Duncan | Batting: RHB Randall Luna | 0-0: Swinging Strike 0-1: Ball 1-1: Swinging Strike 1-2: Strikes out swinging | Batting: LHB José Guillén | 0-0: Foul Ball, location: 2F 0-1: Ball 1-1: Swinging Strike 1-2: Foul Ball, location: 2F 1-2: Strikes out swinging | Batting: RHB John Burton | 0-0: Called Strike 0-1: Called Strike 0-2: Ball 1-2: Ground out 6-3 (Groundball, 6) | Top of the 8th over - 0 runs, 0 hits, 0 errors, 0 left on base; Salem 2 - Surrey 6 | BOTTOM OF THE 8TH |
---|
Surrey Sinners batting - Pitching for Salem Sledgehammers : RHP Luis Rosado | Batting: RHB Tim van der Kamp | 0-0: SOLO HOME RUN (Flyball, 89XD), Distance : 389 ft | Batting: SHB Norberto Muñóz | 0-0: Ball 1-0: Called Strike 1-1: Foul Ball, location: 2F 1-2: Ball 2-2: Ball 3-2: Base on Balls | Batting: RHB Robert Sipple | 0-0: Ball 1-0: Ball 2-0: Foul Ball, location: 2F 2-1: Called Strike 2-2: DOUBLE (Line Drive, 9LS) Norberto Muñóz to third Runner from 3rd tries for Home, SAFE, no throw | Batting: LHB Carlos Hernández | 0-0: Ball Passed Ball! Robert Sipple to third 1-0: Called Strike 1-1: Foul Ball, location: 2F 1-2: Strikes out looking | Batting: LHB Robert Mann | 0-0: Called Strike 0-1: Foul Ball, location: 2F 0-2: Foul Ball, location: 2F 0-2: Ball 1-2: Strikes out looking | Batting: RHB Francisco Martínez | 0-0: Ball 1-0: Called Strike 1-1: Foul Ball, location: 2F 1-2: Strikes out swinging | Bottom of the 8th over - 2 runs, 2 hits, 0 errors, 1 left on base; Salem 2 - Surrey 8 | TOP OF THE 9TH |
---|
Salem Sledgehammers batting - Pitching for Surrey Sinners : LHP Cedric Duncan | Batting: RHB Juan Morales | 0-0: Ball 1-0: Ball 2-0: Swinging Strike 2-1: Foul Ball, location: 2F 2-2: Foul Ball, location: 2F 2-2: Foul Ball, location: 2F 2-2: Foul Ball, location: 2F 2-2: Strikes out swinging | Batting: RHB Rich Crabtree | 0-0: Called Strike 0-1: Ball 1-1: Fly out, F9 (Flyball, 9D) | Batting: RHB Rickey Núñez | 0-0: Fly out, F7 (Line Drive, 7S) | Top of the 9th over - 0 runs, 0 hits, 0 errors, 0 left on base; Salem 2 - Surrey 8 | |